 Dungeon Crawl Stone Soup version 0.32-a0-630-g46d191b0ed (webtiles) character file.

Game seed: 3795084248872486030

14 Esekla the Sneak (level 2, -1/21 HPs)
             Began as an Octopode Delver on Mar 6, 2024.
             Slain by an orc wizard
             ... wielding a +0 dagger
              (3 damage)
             ... in the Ecumenical Temple.
             The game lasted 00:01:23 (39 turns).

Esekla the Sneak (Octopode Delver)                    Turns: 39, Time: 00:01:23

Health: -1/21      AC:  1    Str: 11    XL:     2   Next: 45%
Magic:  2/2        EV: 13    Int: 12    God:
Gold:   7          SH:  0    Dex: 13    Spells: 1/1 levels left

rFire   . . .        a - +0 falchion
rCold   . . .        (no shield)
rNeg    . . .        (helmet restricted)
rPois   .            (no amulet)
rElec   .            (no ring)
rCorr   .            (no ring)
SInv    .            (no ring)
Will    .....        (no ring)
Stlth   ++++         (no ring)
HPRegen 0.23/turn    (no ring)
MPRegen 0.08/turn    (no ring)
                     (no ring)

%: no passive effects
@: no status effects
A: almost no armour, amphibious, 8 rings, camouflage 1, gelatinous body 1,
(nimble swimmer 1), tentacles
a: no special abilities


You were in the Ecumenical Temple.
You visited 2 branches of the dungeon, and saw 2 of its levels.

You collected 7 gold pieces.

Inventory:

Hand Weapons
 a - a +0 falchion (weapon)
Jewellery
 c - a ring of magical power
Wands
 f - a wand of digging (3)
Scrolls
 b - a scroll of fog
Potions
 e - a potion of haste


   Skills:
 * Level 3.1 Fighting
 + Level 2.0 Long Blades
 * Level 2.1 Dodging
 + Level 7.0 Stealth
 * Level 0.4 Spellcasting


You had one spell level left.
You didn't know any spells.
Your spell library was empty.

Dungeon Overview and Level Annotations

Branches:
Dungeon (5/15)             Temple (1/1) D:5

Altars:
Ashenzari
Cheibriados
Dithmenos
Elyvilon
Hepliaklqana
Nemelex Xobeh
Okawaru
Ru
Sif Muna
Trog
Vehumet
Zin
The Shining One


Innate Abilities, Weirdness & Mutations

You cannot wear most types of armour.
You are amphibious.
You can wear up to eight rings at the same time.
Your skin changes colour to match your surroundings (Stealth+).
Your rubbery body absorbs attacks. (AC +1, EV +1)
((You are camouflaged when in or above water. (Stealth+)))
You have tentacles for arms and can constrict up to eight enemies at once.


Message History

You kill the adder!
You feel sick.
You have reached level 2!
You feel sick.
You feel sick.
You feel sick.
You are no longer poisoned.
You see here 7 gold pieces.
You see here 7 gold pieces.
You now have 7 gold pieces.
The ufetubus closely misses you. The ufetubus hits you.
The ufetubus barely misses you. The ufetubus hits you.
You hit the ufetubus.
Your attack snaps the ufetubus out of its fear.
You grab the ufetubus. You squeeze the ufetubus.
The ufetubus is moderately wounded.
You constrict the ufetubus. The ufetubus barely misses you.
The ufetubus hits you. The ufetubus misses you. x2
You hit the ufetubus but do no damage. You squeeze the ufetubus.
You kill the ufetubus!
Your Stealth skill increases to level 7!
There are no items here.
You miss something. Something hits you.
* * * LOW HITPOINT WARNING * * *
You see here an adder corpse.
Found a leather armour.
There is a staircase to the Ecumenical Temple here.
The orc barely misses you. Something hits you.
* * * LOW HITPOINT WARNING * * *
You climb downwards.
Welcome to the Ecumenical Temple!
Found four altars.
Found a staircase back to the Dungeon.
Reactivating autopickup.
There is a staircase back to the Dungeon here.
Search for what [? for help]?
Gozag Can't find anything matching that.
Unknown command.
The orc closely misses you. Something hits you.
* * * LOW HITPOINT WARNING * * *
Deactivating autopickup; reactivate with Ctrl-A.
Something hits you.
You die...

♣♣♣♣ ♣♣♣♣♣♣ ♣ ♣♣♣≈≈♣♣♣
♣≈≈≈≈♣♣♣♣♣ ♣♣♣ ♣≈≈≈≈≈≈♣♣
♣♣♣≈≈≈≈≈♣♣~♣♣♣♣♣~≈ ♣♣≈≈≈≈≈≈≈♣♣
♣♣≈≈≈≈≈~≈♣♣~~♣♣..~≈
♣≈≈≈≈~≈~≈≈♣♣♣≈≈≈≈≈~≈§.~~~~..~.~
♣≈≈≈~...~~≈≈≈≈≈≈≈~..§~~~~......
♣≈≈≈..~..♣~~§≈≈~...............
♣♣≈~..♣..♣♣.~~@..~~~.~.........
♣≈~...~......o..~~~.~.♣♣♣♣♣.~.
♣≈≈..~...♣♣..§.~~~....♣ ♣.....
♣≈≈~.♣...♣.~...~~~._~.♣♣♣.._..
♣♣≈~.♣._..~....§§~.§...~.~...~
♣≈≈~♣..........~.............
♣♣≈≈~................._...~.~
♣≈~~~~.~_.....§_...~.~..♣..~
♣♣~.~~~...♣......♣.........~


You could see an orc.

Vanquished Creatures
  An adder (D:5)
  An ufetubus (D:5)
2 creatures vanquished.

Notes
Turn   | Place    | Note
-------+----------+-------------------------------------------
     0 | D:5      | Esekla the Octopode Delver began the quest for the Orb.
     0 | D:5      | Reached XP level 1. HP: 16/16 MP: 1/1
     9 | D:5      | Found a staircase to the Ecumenical Temple.
     9 | D:5      | Noticed an orc wizard
    18 | D:5      | Reached XP level 2. HP: 13/21 MP: 2/2
    26 | D:5      | Reached skill level 7 in Stealth
    37 | Temple   | Entered the Ecumenical Temple
    39 | Temple   | Slain by an orc wizard

Illustrated notes

Levels and vault maps discovered:
D:5:      layout_basic, minmay_temple_entry_slanted, kennysheep_generic_room_3
Temple:   nicolae_temple_bog_church

Skill      XL: |  1  2 |
---------------+-------+-----
Stealth        | 7 |  7.0
Fighting       | |  3.1
Long Blades    | |  2.0
Dodging        | |  2.1
Spellcasting   | |  0.4

Action                     || total
---------------------------++-------
  Melee: Falchion          ||     6
         Tentacles         ||     4
         Constrict         ||     1
    Use: Scroll            ||     2
 Armour: Skin              ||     9
  Dodge: Dodged            ||     9

Table legend: (Time is in decaauts)
 A = Elapsed time spent in this place.
 B = Non-inter-level travel time spent in this place.
 C = Inter-level travel time spent in this place.
 D = Time resting spent in this place.
 E = Time spent auto-exploring this place.
 F = Levels seen in this place.
 G = Mean time per level.
                   A        B        C        D        E       F      G
               +--------+--------+--------+--------+--------+-----+--------+
         Total |     39 |     39 |      0 |      0 |      0 |   2 |   19.5 |
       Dungeon |     38 |     38 |      0 |      0 |      0 |   1 |   38.0 |
        Temple |      1 |      1 |      0 |      0 |      0 |   1 |    1.0 |
               +--------+--------+--------+--------+--------+-----+--------+

Top non-repeatable levels by time:
     D:5: 38 daAuts
  Temple: 1 daAuts
